 Dungeon Crawl Stone Soup version 0.28.0-49-g6dfe1f597d (webtiles) character file.

Game seed: 6659163610655728342

68599 Atelerd the Eclecticist (level 15, -3/85 HPs)
             Began as an Octopode Earth Elementalist on May 15, 2022.
             Was a High Priest of Vehumet.
             Slain by a two-headed ogre
             ... wielding a +0 giant club
              (15 damage)
             ... while paralysed by an ogre mage
             ... on level 2 of the Orcish Mines.
             The game lasted 01:12:07 (30021 turns).

Atelerd the Eclecticist (OpEE)                     Turns: 30021, Time: 01:12:07

Health: -3/85      AC:  7    Str:  8    XL:     15   Next: 27%
Magic:  6/40       EV:  2    Int: 24    God:    Vehumet [*****.]
Gold:   1597       SH:  0    Dex: 13    Spells: 3/45 levels left

rFire   . . .      SeeInvis .   Q - +2 dagger (venom)
rCold   + . .      Faith    .   (no shield)
rNeg    + + +      Spirit   .   t - +2 hat of the Distant Future {*Corrode rElec rC- rN+++}
rPois   +          Reflect  .   z - amulet of regeneration
rElec   +          Harm     .   n - +4 ring of protection
rCorr   +          Rampage  .   W - ring of wizardry
Will    +....                   N - ring "Alle" {Fly rC++ rN+}
Stlth   +++++.....              H - ring of poison resistance
HPRegen 1.04/turn               O - ring of magical power
MPRegen 0.27/turn               X - +4 ring of evasion
                                p - ring of wizardry
                                S - ring of resist corrosion

@: paralysed, flying
A: almost no armour, amphibious, 8 rings, camouflage 1, gelatinous body 1,
(nimble swimmer 1), tentacles, tentacle spike 1, low MP 1, electricity
resistance
a: Renounce Religion


You were on level 2 of the Orcish Mines.
You worshipped Vehumet.
Vehumet was extremely pleased with you.
You visited 3 branches of the dungeon, and saw 21 of its levels.

You collected 1657 gold pieces.
You spent 60 gold pieces at shops.

Inventory:

Hand Weapons
 Q - a +2 dagger of venom (weapon)
Missiles
 b - 198 stones
Armour
 t - the +2 hat of the Distant Future (worn) {*Corrode rElec rC- rN+++}
   (You acquired it on level 2 of the Lair of Beasts)

   rC:        It makes you vulnerable to cold.
   rElec:     It insulates you from electricity.
   rN:        It renders you almost immune to negative energy.
   *Corrode:  It may corrode you when you take damage.
Jewellery
 l - a ring of ice
 n - a +4 ring of protection (left tentacle)
 p - a ring of wizardry (on tentacle)
 u - a ring of protection from fire
 z - an amulet of regeneration (around mantle)
 H - a ring of poison resistance (on tentacle)
 N - the ring "Alle" (on tentacle) {Fly rC++ rN+}
   (You found it on level 6 of the Lair of Beasts)

   [ring of flight]

   rC:        It greatly protects you from cold.
   rN:        It protects you from negative energy.
   Fly:       It grants you flight.
 O - a ring of magical power (on tentacle)
 S - a ring of resist corrosion (on tentacle)
 V - a ring of fire
 W - a ring of wizardry (right tentacle)
 X - a +4 ring of evasion (on tentacle)
Wands
 q - a wand of iceblast (8)
 y - a wand of paralysis (10)
 A - a wand of charming (6)
 B - a wand of acid (4)
 L - a wand of digging (15)
 M - a wand of polymorph (19)
 P - a wand of flame (43)
Scrolls
 c - 2 scrolls of enchant armour {unknown}
 d - a scroll of immolation {unknown}
 f - 3 scrolls of brand weapon
 g - a scroll of torment
 h - a scroll of blinking
 i - 6 scrolls of enchant weapon {unknown}
 j - 6 scrolls of fog
 o - 2 scrolls of noise
 w - a scroll of silence
 x - 2 scrolls of magic mapping {unknown}
 E - 4 scrolls of amnesia
 G - a scroll of fear
 K - 4 scrolls of vulnerability {unknown}
 R - a scroll of summoning {unknown}
 T - 4 scrolls of teleportation
 U - a scroll of identify
Potions
 a - a potion of resistance
 e - 3 potions of curing
 k - 2 potions of heal wounds
 m - a potion of attraction {unknown}
 r - 3 potions of mutation
 s - 2 potions of brilliance
 v - 3 potions of might
 C - a potion of degeneration
 D - a potion of flight
 F - 2 potions of haste {unknown}
 I - 3 potions of ambrosia
 Y - 2 potions of lignification
Miscellaneous
 J - a phantom mirror


   Skills:
 - Level 2.0 Fighting
 - Level 6.0 Short Blades
 + Level 9.2 Dodging
 - Level 10.0 Stealth
 + Level 15.8 Spellcasting
 * Level 6.4 Conjurations
 - Level 5.0 Transmutations
 - Level 2.0 Fire Magic
 + Level 4.5 Ice Magic
 - Level 7.0 Air Magic
 + Level 11.0 Earth Magic
 - Level 2.0 Poison Magic
 - Level 3.0 Evocations


You had 3 spell levels left.
You knew the following spells:

 Your Spells              Type           Power      Damage    Failure   Level
a - Sandblast             Erth           100%       2d20      1%          1
b - Swiftness             Air            51%        N/A       1%          3
c - Orb of Destruction    Conj           25%        9d9       17%         7
f - Ignite Poison         Fire/Tmut/Pois 33%        N/A       1%          3
i - Iron Shot             Conj/Erth      28%        9d6       1%          6
l - Lee's Rapid Deconstr  Erth           32%        3d17*     1%          5
m - Iskenderun's Mystic   Conj/Tloc      34%        2d8       1%          4
p - Petrify               Tmut/Erth      55%        N/A       1%          4
s - Airstrike             Air            25%        N/A       1%          4
u - Freezing Cloud        Conj/Ice/Air   23%        6-21      1%          5

Your spell library contained the following spells:

 Spells                   Type           Power      Damage    Failure   Level
 Foxfire                  Conj/Fire      100%       2x1d9     1%          1
 Shock                    Conj/Air       100%       1d9       1%          1
 Corpse Rot               Necr/Air       70%        N/A       1%          2
 Ensorcelled Hibernation  Hex/Ice        58%        N/A       1%          2
 Passwall                 Tmut/Erth      45%        N/A       1%          2
 Poisonous Vapours        Pois/Air       80%        N/A       1%          2
 Sublimation of Blood     Necr           19%        N/A       1%          2
 Wereblood                Tmut           43%        N/A       1%          2
 Dazzling Flash           Conj/Hex       68%        N/A       1%          3
 Frozen Ramparts          Ice            80%        1d10      1%          3
 Ozocubu's Armour         Ice            40%        N/A       1%          3
 Stone Arrow              Conj/Erth      100%       3d13      1%          3
 Gell's Gravitas          Tloc           19%        N/A       2%          3
 Lesser Beckoning         Tloc           19%        N/A       2%          3
 Summon Guardian Golem    Hex/Summ       19%        N/A       2%          3
 Teleport Other           Tloc           19%        N/A       2%          3
 Fireball                 Conj/Fire      19%        3d9       1%          5
 Irradiate                Conj/Tmut      23%        3d21      1%          5
 Dispel Undead            Necr           19%        3d11      8%          4
 Metabolic Englaciation   Hex/Ice        14%        N/A       9%          5
 Starburst                Conj/Fire      19%        6d7       9%          6
 Simulacrum               Ice/Necr       14%        N/A       41%         6
 Spellforged Servitor     Conj/Summ      17%        N/A       50%         7
 Death Channel            Necr           9%         N/A       71%         6
 Summon Hydra             Summ           9%         N/A       99%         7
 Polar Vortex             Ice            20%        N/A       100%        9


Dungeon Overview and Level Annotations

Branches:
Dungeon (13/15)            Temple (0/1) D:6            Lair (6/6) D:9
 Shoals (0/4) Lair:3        Snake (0/4) Lair:4        Slime (0/5) Lair:5
    Orc (2/2) D:12
    Elf: Orc:2       Vaults: D:13-14

Altars:
Ashenzari
Dithmenos
Elyvilon
Hepliaklqana
Kikubaaqudgha
Okawaru
Ru
Trog
Vehumet
Wu Jian
Yredelemnul
Zin
The Shining One
Beogh
Jiyva

Shops:
D:3 [   D:4 *   D:5 *

Annotations:
D:4 exclusion: 2 downstairs
D:6 exclusion: downstairs
D:7 exclusion: 2 downstairs
D:9 exclusion: downstairs
D:11 exclusion: 2 statues
Lair:5 exclusion: 3 downstairs
Lair:6 exclusion: obsidian statue
Orc:1 exclusion: downstairs


Innate Abilities, Weirdness & Mutations

You cannot wear most types of armour.
You are amphibious.
You can wear up to eight rings at the same time.
Your skin changes colour to match your surroundings (Stealth+).
Your rubbery body absorbs attacks. (AC +1, EV +1)
((You are camouflaged when in or above water. (Stealth+)))
You have tentacles for arms and can constrict up to eight enemies at once.
One of your tentacles bears a spike.
Your magical capacity is low. (-10% MP)
You are resistant to electric shocks. (rElec)


Message History

Aiming: Freezing Cloud (dangerous; 1% risk of failure)
Press: ? - help, Dir - move target, p - ogre The two-headed ogre is engulfed in freezing vapours.
You hear some strange, mumbled words.
A bolt of magma appears from out of thin air!
The bolt of magma misses you.
The two-headed ogre is engulfed in freezing vapours. x2
The ogre is engulfed in freezing vapours.
Unknown command.
Unknown command.
Okay, then.
Aiming: Paralyse
Press: ? - help, Shift-Dir - straight line, f - two-headed ogre
Aim: a two-headed ogre, wielding a +0 giant club and a +0 dire flail (freezing vapour, moderately wounded, chance to affect: 38%)
Okay, then.
Unknown command.
Aiming: Charm
Press: ? - help, Shift-Dir - straight line, f - two-headed ogre
Aim: a two-headed ogre, wielding two +0 giant spiked clubs (freezing vapour, heavily wounded, fast, chance to affect: 38%)
The two-headed ogre is charmed.
You suddenly lose the ability to move!
Your two-headed ogre is engulfed in freezing vapours.
The two-headed ogre is engulfed in freezing vapours.
The ogre is engulfed in freezing vapours.
The two-headed ogre is engulfed in freezing vapours.
The ogre is engulfed in freezing vapours.
You kill the ogre!
Vehumet accepts your kill.
You feel your power returning.
The two-headed ogre hits you with a +0 giant club.
The two-headed ogre hits you with a +0 dire flail!
Something hits you!
The two-headed ogre hits you with a +0 giant club!!
The two-headed ogre hits you with a +0 dire flail!!
* * * LOW HITPOINT WARNING * * *
Something hits you.
* * * LOW HITPOINT WARNING * * *
The two-headed ogre hits you with a +0 giant club.
* * * LOW HITPOINT WARNING * * *
The two-headed ogre hits you with a +0 dire flail!
You die...

############# ##
.......#.##.##.##
.....$).........##
.................#
................##
......(.)........##..
$......[§§§........#.
<.....TT§§§.O@.......
......TT§§§.O{.......
.[.O.)○)........#....
......§§.°).....# ...
.......☼))§..T.## .
......○§..§°...#
....#.§§§§.)§....
....[.§§§§..#....
...........#.##.


You could see a two-headed ogre, a deep troll, 4 trolls and a friendly
two-headed ogre (charmed, fast).

Vanquished Creatures
  Rupert (Lair:3)
  A dire elephant (Lair:6)
  12 hydras
  A boulder beetle (D:13)
  2 catoblepae (Lair:6)
  A centaur warrior (D:12)
  A death yak (Lair:6)
  3 two-headed ogres
  Sonja (Lair:2)
  An orc high priest (Orc:1)
  Urug (Lair:3)
  Pikel (D:7)
  A lindwurm (Lair:6)
  3 necromancers
  A wolf spider (Lair:3)
  2 orc sorcerers
  An oklob plant (Lair:5)
  30 elephants
  A moth of wrath (Lair:6)
  A manticore (D:11)
  An ugly thing (D:12)
  Joseph (D:7)
  11 black mambas
  3 cyclopes
  A dire elephant skeleton (Lair:6)
  14 cane toads
  A demonic crawler (Lair:6)
  9 komodo dragons
  6 rime drakes
  A queen bee (D:9)
  4 trolls
  2 hornets
  2 polar bears (Lair:6)
  A slime creature (D:11)
  11 blink frogs
  Prince Ribbit (D:6)
  2 spectral elephants (Lair:6)
  A meliai zombie (D:9)
  2 shadows
  6 wyverns
  3 wraiths (D:12)
  2 vampires
  3 vampire mosquitoes (D:13)
  40 yaks
  5 basilisks
  2 steam dragons
  4 swamp worms (Lair:6)
  2 acid dragons
  22 water moccasins
  2 black bears
  An ice beast (D:7)
  2 sky beasts
  5 orc warriors
  6 wolves (Lair:5)
  6 ogres
  3 phantoms
  7 centaurs
  A kobold brigand (D:11)
  9 bullfrogs
  3 gnoll sergeants
  A cane toad simulacrum (Lair:6)
  30 killer bees
  An electric eel (D:9)
  6 jellies
  3 howler monkeys
  A bullfrog zombie (D:6)
  13 orc priests
  4 centaur zombies
  2 gnoll shamans
  A centaur skeleton (D:7)
  3 hounds
  An iguana (D:4)
  13 orc wizards
  5 hell rats (Lair:2)
  3 wolf simulacra (Lair:4)
  A yak simulacrum (Lair:4)
  2 polar bear simulacra (Lair:4)
  A killer bee zombie (D:6)
  A hound skeleton (D:4)
  A howler monkey zombie (D:10)
  35 gnolls
  A howler monkey skeleton (D:7)
  17 adders
  3 river rats (Lair:2)
  A shadow imp (D:5)
  2 white imps
  An adder skeleton (D:4)
  3 dart slugs
  39 orcs
  5 ball pythons
  8 bats
  22 endoplasms
  2 giant cockroaches
  8 goblins
  7 hobgoblins
  11 jackals
  6 kobolds
  5 quokkas
  2 frilled lizards
  7 rats
  5 river rat simulacra (Lair:4)
  2 bushes (Lair:3)
559 creatures vanquished.

Vanquished Creatures (others)
  4 bushes
  83 fungi
  121 plants
  20 withered plants (Lair:6)
228 creatures vanquished.

Grand Total: 787 creatures vanquished

Notes
Turn   | Place    | Note
-------+----------+-------------------------------------------
     0 | D:1      | Atelerd the Octopode Earth Elementalist began the quest for
                  | the Orb.
     0 | D:1      | Reached XP level 1. HP: 11/11 MP: 3/3
   212 | D:1      | Reached XP level 2. HP: 17/17 MP: 0/5
   340 | D:1      | Found a faded altar of an unknown god.
   351 | D:1      | Got Plato's Compendium of Ignition
   576 | D:1      | Reached XP level 3. HP: 20/21 MP: 3/6
  1079 | D:2      | Found an iron altar of Okawaru.
  1185 | D:2      | Reached XP level 4. HP: 9/27 MP: 1/7
  2226 | D:3      | Found Soqom's Armour Boutique.
  2540 | D:3      | Reached XP level 5. HP: 26/31 MP: 5/9
  3330 | D:4      | Found a radiant altar of Vehumet.
  3362 | D:4      | Became a worshipper of Vehumet
  3392 | D:4      | Reached skill level 1 in Short Blades
  3703 | D:4      | Reached skill level 3 in Spellcasting
  3703 | D:4      | Reached XP level 6. HP: 36/36 MP: 10/10
  4277 | D:4      | Learned a level 4 spell: Petrify
  4613 | D:4      | Found Aleoga's General Store.
  4617 | D:4      | Bought a scroll of fog for 24 gold pieces
  4617 | D:4      | Bought a potion of lignification for 36 gold pieces
  4631 | D:4      | Found a white marble altar of Elyvilon.
  4791 | D:4      | Reached XP level 7. HP: 39/41 MP: 7/11
  4792 | D:4      | Reached skill level 5 in Stealth
  4955 | D:5      | Entered Level 5 of the Dungeon
  5141 | D:5      | Found a bloodstained altar of Trog.
  5283 | D:5      | Noticed a yak
  5292 | D:5      | HP: 1/41 [phantom (6)]
  5616 | D:5      | Reached skill level 5 in Earth Magic
  5646 | D:5      | Reached * piety under Vehumet
  5646 | D:5      | Offered knowledge of Freeze by Vehumet.
  5706 | D:5      | Noticed a hornet
  6202 | D:5      | Killed a hornet
  6203 | D:5      | Reached skill level 5 in Transmutations
  6203 | D:5      | Reached XP level 8. HP: 41/46 MP: 2/13
  6292 | D:5      | Noticed a yak
  6294 | D:5      | Noticed a yak
  6294 | D:5      | Noticed a yak
  6320 | D:5      | Killed a yak
  6321 | D:5      | Reached skill level 4 in Spellcasting
  6373 | D:5      | Noticed a yak
  6394 | D:5      | Killed a yak
  6483 | D:5      | Found Zin's Purification Station.
  6483 | D:5      | Found a glowing silver altar of Zin.
  6707 | D:5      | Found a basalt altar of Yredelemnul.
  6711 | D:5      | Found a shadowy altar of Dithmenos.
  6711 | D:5      | Found an ornate altar of the Wu Jian Council.
  6712 | D:5      | Found an ancient bone altar of Kikubaaqudgha.
  6712 | D:5      | Found a broken altar of Ashenzari.
  6726 | D:5      | Reached skill level 5 in Spellcasting
  6978 | D:5      | Found a hazy altar of Hepliaklqana.
  7312 | D:6      | Reached skill level 6 in Spellcasting
  7312 | D:6      | Found a staircase to the Ecumenical Temple.
  7317 | D:6      | Reached XP level 9. HP: 51/51 MP: 15/18
  7630 | D:6      | Reached skill level 1 in Fighting
  7716 | D:6      | Found a glowing golden altar of the Shining One.
  7724 | D:6      | Noticed Prince Ribbit
  7733 | D:6      | Killed Prince Ribbit
  7850 | D:6      | Learned a level 4 spell: Airstrike
  8272 | D:7      | Noticed Joseph
  8292 | D:7      | Killed Joseph
  8293 | D:7      | Reached skill level 7 in Spellcasting
  8665 | D:7      | Noticed Pikel
  8673 | D:7      | Killed Pikel
  8674 | D:7      | Reached skill level 8 in Spellcasting
  9233 | D:7      | Reached XP level 10. HP: 60/60 MP: 18/22
  9554 | D:7      | Reached skill level 9 in Spellcasting
 10172 | D:8      | Noticed a two-headed ogre
 10318 | D:8      | Killed a two-headed ogre
 10435 | D:8      | Reached skill level 10 in Spellcasting
 11018 | D:9      | Reached skill level 1 in Air Magic
 11046 | D:9      | Reached ** piety under Vehumet
 11046 | D:9      | Offered knowledge of Poisonous Vapours by Vehumet.
 11119 | D:9      | Noticed a cyclops
 11137 | D:9      | Killed a cyclops
 11329 | D:9      | Noticed an elephant
 11364 | D:9      | Killed an elephant
 11370 | D:9      | Learned a level 3 spell: Swiftness
 11490 | D:9      | Reached XP level 11. HP: 64/64 MP: 21/25
 11969 | D:9      | Found a staircase to the Lair.
 12038 | D:9      | Reached skill level 5 in Dodging
 12038 | D:9      | Reached skill level 11 in Spellcasting
 12133 | D:9      | Offered knowledge of Frozen Ramparts by Vehumet.
 12316 | D:9      | Reached *** piety under Vehumet
 12622 | D:10     | Entered Level 10 of the Dungeon
 14164 | D:11     | Reached skill level 12 in Spellcasting
 14166 | D:11     | Offered knowledge of Ignite Poison by Vehumet.
 14175 | D:11     | Learned a level 3 spell: Ignite Poison
 14457 | D:11     | Noticed an archer statue
 14457 | D:11     | Noticed a two-headed ogre
 14472 | D:11     | Noticed an archer statue
 14479 | D:11     | Reached skill level 1 in Fire Magic
 14510 | D:11     | Noticed a manticore
 14521 | D:11     | Killed a manticore
 14640 | D:11     | Noticed a two-headed ogre
 14651 | D:11     | Killed a two-headed ogre
 15136 | D:11     | Reached **** piety under Vehumet
 15146 | D:11     | Killed a two-headed ogre
 15147 | D:11     | Reached skill level 1 in Poison Magic
 15147 | D:11     | Reached XP level 12. HP: 58/70 MP: 22/28
 15162 | D:11     | Offered knowledge of Fireball by Vehumet.
 15180 | D:11     | Learned a level 5 spell: Fireball
 15353 | D:12     | Reached skill level 1 in Conjurations
 15665 | D:12     | Found a staircase to the Orcish Mines.
 15744 | D:12     | Got the Catalogue of Cold
 15784 | D:12     | Learned a level 5 spell: Freezing Cloud
 16280 | D:12     | Noticed a centaur warrior
 16291 | D:12     | Killed a centaur warrior
 16571 | D:13     | Noticed a boulder beetle
 16582 | D:13     | Killed a boulder beetle
 16686 | D:13     | Noticed a centaur warrior
 16704 | D:13     | Noticed a centaur warrior
 16852 | D:12     | Reached skill level 13 in Spellcasting
 17016 | Lair:1   | Entered Level 1 of the Lair of Beasts
 17455 | Lair:1   | Reached skill level 5 in Air Magic
 18287 | Lair:2   | Noticed an eight-headed hydra
 18313 | Lair:2   | Killed an eight-headed hydra
 18481 | Lair:2   | Reached ***** piety under Vehumet
 18481 | Lair:2   | Offered knowledge of Iskenderun's Battlesphere by Vehumet.
 18549 | Lair:2   | Identified 2 scrolls of acquirement
 18554 | Lair:2   | Acquired 498 gold pieces
 18556 | Lair:2   | Acquired the +2 hat of the Distant Future {*Corrode rElec
                  | rC- rN+++}
 18656 | Lair:2   | Noticed a six-headed hydra
 18667 | Lair:2   | Killed a six-headed hydra
 19024 | Lair:2   | Reached skill level 5 in Short Blades
 19024 | Lair:2   | Reached XP level 13. HP: 74/74 MP: 25/30
 19080 | Lair:2   | Noticed Sonja
 19099 | Lair:2   | Killed Sonja
 19100 | Lair:2   | Reached skill level 10 in Stealth
 19615 | Lair:3   | Found a staircase to the Shoals.
 20179 | Lair:3   | Noticed Rupert
 20201 | Lair:3   | Killed Rupert
 20386 | Lair:3   | Noticed Urug
 20396 | Lair:3   | Killed Urug
 21388 | Lair:4   | Reached skill level 14 in Spellcasting
 21583 | Lair:4   | Reached skill level 10 in Earth Magic
 21806 | Lair:4   | Found a staircase to the Snake Pit.
 22081 | Lair:4   | Reached XP level 14. HP: 81/81 MP: 18/32
 22378 | Lair:4   | Reached skill level 15 in Spellcasting
 22478 | Lair:4   | Offered knowledge of Lee's Rapid Deconstruction by Vehumet.
 22487 | Lair:4   | Found a sacrificial altar of Ru.
 23139 | Lair:4   | Gained mutation: You are frail. (-10% HP) [potion of
                  | mutation]
 23139 | Lair:4   | Gained mutation: You are somewhat resistant to further
                  | mutation. [potion of mutation]
 23140 | Lair:4   | Lost mutation: You are somewhat resistant to further
                  | mutation. [potion of mutation]
 23140 | Lair:4   | Lost mutation: You are frail. (-10% HP) [potion of
                  | mutation]
 23140 | Lair:4   | Gained mutation: Your spells are a little easier to cast,
                  | but a little less powerful. [potion of mutation]
 23140 | Lair:4   | Gained mutation: One of your tentacles bears a spike.
                  | [potion of mutation]
 23140 | Lair:4   | Gained mutation: You expend magic power (3 MP) to
                  | strengthen your wands. [potion of mutation]
 23141 | Lair:4   | Lost mutation: You expend magic power (3 MP) to strengthen
                  | your wands. [potion of mutation]
 23141 | Lair:4   | Lost mutation: Your spells are a little easier to cast, but
                  | a little less powerful. [potion of mutation]
 23141 | Lair:4   | Gained mutation: You are resistant to electric shocks.
                  | (rElec) [potion of mutation]
 23141 | Lair:4   | Gained mutation: Your magical capacity is low. (-10% MP)
                  | [potion of mutation]
 23447 | Lair:5   | Learned a level 5 spell: Lee's Rapid Deconstruction
 23881 | Lair:5   | Reached skill level 1 in Ice Magic
 23991 | Lair:5   | Identified the +8 trident of Spores {vorpal, rF- Str+6
                  | Dex+7}
 24105 | Lair:5   | Found a staircase to the Slime Pits.
 24105 | Lair:5   | Found a viscous altar of Jiyva.
 24473 | Lair:6   | Entered Level 6 of the Lair of Beasts
 24915 | Orc:1    | Entered Level 1 of the Orcish Mines
 25308 | Orc:2    | Entered Level 2 of the Orcish Mines
 25937 | Lair:6   | Learned a level 4 spell: Iskenderun's Mystic Blast
 26602 | Lair:6   | Reached skill level 1 in Evocations
 26610 | Lair:6   | Learned a level 7 spell: Orb of Destruction
 26797 | Lair:6   | Offered knowledge of Iron Shot by Vehumet.
 26806 | Lair:6   | Learned a level 6 spell: Iron Shot
 27098 | Lair:6   | Reached skill level 5 in Conjurations
 27935 | Lair:6   | Reached XP level 15. HP: 85/85 MP: 16/31
 28049 | Lair:6   | Identified the ring "Alle" {Fly rC++ rN+}
 30016 | Orc:2    | Paralysed by something for 6 turns
 30021 | Orc:2    | Slain by a two-headed ogre

Illustrated notes

Levels and vault maps discovered:
D:1:      sevenhm_arrival_forest_fort_small_4, layout_basic,
          shapermc_ecumenical_altar_rom_forum, minmay_misc_feat_chi
D:2:      layout_basic, basic_altar
D:3:      corexii_shack_village, layout_basic, serial_shops, shop_statue
D:4:      layout_gridville, elyvilon_altar_5, vehumet_crystals, serial_shops,
          shop
D:5:      layout_basic, trog_book, zin_purify, nzn_hepliaklqana_mist_gate,
          grunt_temple_overflow_open, roderic_serpentine_path
D:6:      layout_basic, nicolae_tso_carved_into_rock, minmay_temple_entry_grid,
          uniq_prince_ribbit1
D:7:      layout_gridville, uniq_pikel, uniq_joseph
D:8:      layout_cave_pools
D:9:      layout_roguey, david_lair_generic, nicolae_lava_and_water, minivault_7
D:10:     layout_basic
D:11:     lemuel_slime, layout_long_grid, minmay_dual_archer_statues
D:12:     layout_loops_ring, minmay_orc_entry_temple_small
D:13:     layout_roguey, david_vaults_1
Lair:1:   layout_loops_ring, serial_bayou_shore_b
Lair:2:   layout_regular_city, minmay_stone_trees_medium,
          kennysheep_abandoned_house, uniq_sonja
Lair:3:   minmay_lair_venomous_thicket, layout_layer_cave,
          minmay_shoals_entry_centaurs, uniq_rupert, uniq_urug
Lair:4:   layout_gridlike, minmay_snake_entry_six_corridors, basic_altar,
          eino_house_with_fridge
Lair:5:   layout_layer_cave, slime_altar_1, minmay_lair_oklob_items, st_stairs_4
Lair:6:   due_jungle_book, layout_regular_city, worms_lemuel, grunt_megastairs_4
Orc:1:    layout_diamond_mine, basic_altar
Orc:2:    st_orc_open, layout_caves, serial_shops, nicolae_shop_statue_plus,
          basic_altar

Skill      XL: |  1  2  3  4  5  6  7  8  9 10 11 12 13 14 15 |
---------------+----------------------------------------------+-----
Transmutations | 2 3 5 |  5.0
Stealth        | 3 4 5 8 9 10 | 10.0
Earth Magic    | 4 5 7 8 10 11 | 11.0
Short Blades   | 1 2 3 5 6 |  6.0
Spellcasting   | 3 6 8 10 12 13 14 15 | 15.8
Fighting       | 2 |  2.0
Air Magic      | 3 4 5 7 |  7.0
Dodging        | 4 6 7 8 9 |  9.2
Fire Magic     | 2 |  2.0
Poison Magic   | 1 2 |  2.0
Conjurations   | 3 5 6 |  6.4
Ice Magic      | 3 4 |  4.5
Evocations     | 2 3 |  3.0

Action                   |  1- 3 |  4- 6 |  7- 9 | 10-12 | 13-15 || total
-------------------------+-------+-------+-------+-------+-------++-------
Melee: Dagger            |    38 |    73 |    85 |   219 |   118 ||   533
       Constrict         |    12 |    21 |    21 |    32 |    24 ||   110
       Tentacles         |     7 |    22 |    25 |    70 |    30 ||   154
       Punch             |       |     2 |     3 |     5 |     5 ||    15
       Kick              |       |       |       |       |    35 ||    35
 Cast: Sandblast         |    27 |    71 |    65 |   176 |    88 ||   427
       Petrify           |       |       |    27 |   131 |   132 ||   290
       Airstrike         |       |       |       |    38 |    74 ||   112
       Freezing Cloud    |       |       |       |     9 |    78 ||    87
       Fireball          |       |       |       |     2 |     2 ||     4
       Lee's Rapid Decon |       |       |       |       |    25 ||    25
       Iron Shot         |       |       |       |       |    57 ||    57
       Iskenderun's Myst |       |       |       |       |     6 ||     6
       Swiftness         |       |       |       |       |     2 ||     2
Evoke: Wand              |       |       |     2 |     4 |    16 ||    22
       Phantom mirror    |       |       |       |       |     1 ||     1
  Use: Scroll            |       |       |     8 |    12 |    11 ||    31
       Potion            |       |       |     7 |     5 |     4 ||    16
 Stab: Sleeping          |     9 |    11 |     5 |     6 |     2 ||    33
       Petrified         |       |       |    35 |   128 |    77 ||   240
       Petrifying        |       |       |     2 |    13 |     4 ||    19
Armor: Skin              |     9 |     9 |    54 |    37 |    32 ||   141
Dodge: Dodged            |    34 |    83 |    47 |   159 |   176 ||   499
